 Dungeon Crawl Stone Soup version 0.23-a0-143-g1adec7b (webtiles) character file.

384 corax the Vandal (level 7, 0/42 HPs)
             Began as a Kobold Hunter on Sept 1, 2018.
             Slain by a hound (2 damage)
             ... on level 3 of the Dungeon.
             The game lasted 00:06:15 (1990 turns).

corax the Vandal (Kobold Hunter)                    Turns: 1990, Time: 00:06:15

Health: 0/42       AC:  4    Str: 11    XL:     7   Next: 6%
Magic:  7/7        EV: 16    Int: 13    God:
Gold:   118        SH:  0    Dex: 15    Spells: 6/6 levels left

rFire    . . .     SeeInvis .   a - +1 hunting sling
rCold    . . .     Gourm    .   (shield restricted)
rNeg     . . .     Faith    .   c - +0 leather armour
rPois    .         Spirit   .   f - +0 helmet
rElec    .         Reflect  .   (no cloak)
rCorr    .         Harm     .   (no gloves)
MR       .....                  (no boots)
Stlth    +++.......             n - amulet of the acrobat
HPRegen  0.14/turn              (no ring)
MPRegen  0.10/turn              (no ring)

@: no status effects
A: small, carnivore
a: no special abilities


You were on level 3 of the Dungeon.
You were very full.

You visited 1 branch of the dungeon, and saw 5 of its levels.

You collected 118 gold pieces.

Inventory:

Hand Weapons
 a - a +1 hunting sling (weapon)
 b - a +0 short sword
Missiles
 d - 14 sling bullets
 g - 63 stones (quivered)
 k - 42 bolts
 l - 2 javelins
 p - 4 tomahawks
 r - 25 arrows
Armour
 c - a +0 leather armour (worn)
 f - a +0 helmet (worn)
Jewellery
 n - an amulet of the acrobat (around neck)
Scrolls
 e - a scroll of teleportation {unknown}
 h - a scroll of random uselessness {unknown}
 m - a scroll of immolation {unknown}
 o - 2 scrolls of enchant armour {unknown}
 s - a scroll of fog {unknown}
 t - a scroll of remove curse {unknown}
Potions
 i - 2 potions of curing {unknown}
 j - a potion of magic {unknown}
 q - a potion of flight {unknown}
Comestibles
 u - 3 rations


   Skills:
 + Level 3.9 Fighting
 + Level 3.6 Short Blades
 + Level 5.0 Slings
 + Level 4.2 Dodging
 + Level 4.3 Stealth


You had 6 spell levels left.
You didn't know any spells.
Your spell library was empty.

Dungeon Overview and Level Annotations

Branches:
Dungeon (5/15)
 Temple: D:4-7

Altars:
Fedhas
Okawaru


Innate Abilities, Weirdness & Mutations

You are small and have problems with some larger weapons.
You are carnivorous and can eat meat at any time.


Message History

You kill the worm!
The hound closely misses you. x2
Firing (i - inventory. (/) - cycle)
g - 66 stones (quivered)
Press: ? - help, Shift-Dir - straight line, f - hound
Aim: a hound (lightly wounded)
You shoot a stone. The stone hits the hound.
The hound is lightly wounded.
The hound barely misses you.
Firing (i - inventory. (/) - cycle)
g - 65 stones (quivered)
Press: ? - help, Shift-Dir - straight line, f/p - hound
Aim: a hound (lightly wounded)
You shoot a stone. The stone closely misses the hound.
The hound bites you.
* * * LOW HITPOINT WARNING * * *
Firing (i - inventory. (/) - cycle)
g - 64 stones (quivered)
Press: ? - help, Shift-Dir - straight line, f/p - hound
Aim: a hound (lightly wounded)
You shoot a stone. The stone hits the hound.
The hound is lightly wounded.
The hound bites you.
You die...

#.###.######. .# #.....#
#.(# .# # ###.### #..#
.#.# #.# #..# .#.## #)#
#..# ##%...###
######.########..#
#.....>..
......)..........# #.....#
######.########.#####..#.#
#..........@h((.....#
######.####†###.#####.##.#
#......####..##.# #.# #
.............##.. ...
..#.#######..##### ..##
###.# ### #.## (## #
#.#######.# #. #
#...'_'...# # #.###'###.#


You could see a hound.

Vanquished Creatures
  A sky beast (D:3)
  A phantom (D:4)
  A centaur zombie (D:5)
  An orc priest (D:3)
  A hound (D:4)
  An iguana (D:2)
  2 adders
  2 worms
  5 dart slugs
  2 leopard geckos (D:1)
  10 orcs
  A bat (D:3)
  A giant cockroach (D:1)
  5 goblins
  5 hobgoblins
  4 kobolds
  4 frilled lizards
  3 rats
50 creatures vanquished.

Notes
Turn   | Place    | Note
-------+----------+-------------------------------------------
     0 | D:1      | corax the Kobold Hunter began the quest for the Orb.
     0 | D:1      | Reached XP level 1. HP: 12/12 MP: 1/1
   100 | D:1      | Reached XP level 2. HP: 18/18 MP: 2/2
   196 | D:1      | Reached skill level 1 in Short Blades
   324 | D:1      | Reached XP level 3. HP: 22/22 MP: 3/3
  1069 | D:2      | Reached XP level 4. HP: 3/27 MP: 4/4
  1320 | D:2      | Found an iron altar of Okawaru.
  1407 | D:3      | You fall through a shaft for 2 floors!
  1407 | D:5      | Entered Level 5 of the Dungeon
  1438 | D:5      | Reached XP level 5. HP: 5/32 MP: 5/5
  1500 | D:4      | Noticed a phantom
  1515 | D:4      | Killed a phantom
  1515 | D:4      | Reached XP level 6. HP: 8/37 MP: 6/6
  1818 | D:3      | Found a blossoming altar of Fedhas.
  1925 | D:3      | Noticed a sky beast
  1952 | D:3      | HP: 1/38 [sky beast (5)]
  1954 | D:3      | Killed a sky beast
  1954 | D:3      | Reached skill level 5 in Slings
  1954 | D:3      | Reached XP level 7. HP: 1/42 MP: 7/7
  1989 | D:3      | HP: 2/42 [hound (4)]
  1990 | D:3      | Slain by a hound

Vault maps used:
D:1:      sevenhm_arrival_forest_fort_large_2
D:2:      okawaru_trees_1
D:3:      lemuel_doored_altar, portal_sewer_entry_b, first_ration,
          chequers_ecumenical_altar_twisty
D:4:      nicolae_ru_great_annihilating_truth, minmay_temple_entry_overgrown,
          ebering_ghost_rock_garden, minmay_small_thing, uniq_eustachio
D:5:      cheibrodos_ashenzari_chains

Skill      XL: |  1  2  3  4  5  6 |
---------------+-------------------+-----
Short Blades   | 1 2 3 |  3.6
Stealth        | 2 3 4 |  4.3
Dodging        | 3 4 |  4.2
Fighting       | 3 |  3.9
Slings         | 5 |  5.0

Action                   |  1- 3 |  4- 6 |  7- 9 || total
-------------------------+-------+-------+-------++-------
 Fire: Hunting sling     |    79 |   145 |    14 ||   238
  Eat: Ration            |       |     1 |       ||     1
       Chunk             |       |     8 |       ||     8
Armor: Leather armour    |     2 |    13 |     1 ||    16
Dodge: Dodged            |    14 |    36 |    11 ||    61

Table legend:
 A = Non-vault XP
 B = Vault XP
 C = Vault XP percentage of total XP
 D = Non-vault monster count
 E = Vault monster count
 F = Vault count percentage of total count
                 A         B        C        D         E       F
            +---------+---------+-------+---------+---------+-------
      Total |     549 |       0 |   0.0 |      50 |       0 |   0.0
            +---------+---------+-------+---------+---------+-------
        D:1 |      40 |       0 |   0.0 |      16 |       0 |   0.0
        D:2 |      64 |       0 |   0.0 |       8 |       0 |   0.0
        D:3 |     237 |       0 |   0.0 |      23 |       0 |   0.0
        D:4 |     160 |       0 |   0.0 |       2 |       0 |   0.0
        D:5 |      48 |       0 |   0.0 |       1 |       0 |   0.0
            +---------+---------+-------+---------+---------+-------
